 Dungeon Sprint DCSS version 0.28-a0-1190-g77e1c55843 (webtiles) character file.

Game seed: 2131431790224178225

2074 rocky1 the Basher (level 9, -4/88 HPs)
             Began as a Gargoyle Fighter on Dec 19, 2021.
             Was a Priest of Okawaru.
             Slain by an ice devil (23 damage)
             ... in the Dungeon (Sprint VII: "The Pits").
             The game lasted 00:07:06 (1606 turns).

rocky1 the Basher (Gargoyle Fighter)                Turns: 1606, Time: 00:07:07

Health: -4/88      AC: 23    Str: 23    XL:     9   Next: 26%
Magic:  14/14      EV:  8    Int: 14    God:    Okawaru [***...]
Gold:   0          SH:  6    Dex: 11    Spells: 8/8 levels left

rFire   . . .      SeeInvis .   s - +2 morningstar (vorpal)
rCold   . . .      Faith    .   c - +0 buckler
rNeg    + . .      Spirit   .   m - +2 plate armour
rPois   ∞          Reflect  .   (no helmet)
rElec   +          Harm     .   r - +0 cloak
rCorr   .          Rampage  .   (no gloves)
Will    .....      NoTele   +   (no boots)
Stlth   ..........              (no amulet)
HPRegen 0.24/turn               n - +3 ring of intelligence
MPRegen 0.14/turn               o - +3 ring of intelligence

@: berserking (expiring), very quick
A: sickness immunity, AC +6, negative energy resistance 1, electricity
resistance, torment resistance 1, petrification resistance, mutation resistance
1
a: Renounce Religion, Heroism


You were in the Dungeon.
You worshipped Okawaru.
Okawaru was most pleased with you.
You visited 1 branch

Inventory:

Hand Weapons
 a - a +0 flail
 b - a +2 war axe of freezing
 k - a +2 hand axe of freezing
 l - a +2 vorpal flail
 s - a +2 vorpal morningstar (weapon)
Missiles
 t - 8 poisoned darts (quivered)
Armour
 c - a +0 buckler (worn)
 m - a +2 plate armour (worn)
 r - a +0 cloak (worn)
Jewellery
 n - a +3 ring of intelligence (left hand)
 o - a +3 ring of intelligence (right hand)
Scrolls
 j - a scroll of blinking
Potions
 d - a potion of might
 e - 7 potions of curing
 f - 6 potions of heal wounds
 g - 2 potions of haste
 h - 2 potions of magic
 i - 2 potions of berserk rage
 p - a potion of mutation
 q - 2 potions of brilliance


   Skills:
 + Level 8.0 Fighting
 - Level 14.0 Maces & Flails
 + Level 8.0 Armour
 + Level 5.3 Dodging
 + Level 8.8 Shields
 + Level 7.0 Invocations


You had 8 spell levels left.
You didn't know any spells.
Your spell library was empty.

Dungeon Overview and Level Annotations

Branches:
Dungeon (1/1)

Altars:
Ashenzari
Cheibriados
Dithmenos
Elyvilon
Fedhas
Gozag
Hepliaklqana
Kikubaaqudgha
Makhleb
Nemelex Xobeh
Okawaru
Qazlal
Ru
Sif Muna
Trog
Uskayaw
Vehumet
Wu Jian
Xom
Yredelemnul
Zin
The Shining One
Beogh
Jiyva
Lugonu


Innate Abilities, Weirdness & Mutations

You are immune to sickness and miasma.
Your stone body is resilient. (AC +6)
You are immune to poison.
You resist negative energy. (rN+)
You are resistant to electric shocks. (rElec)
You are resistant to unholy torment.
You are immune to petrification.
You are somewhat resistant to further mutation.


Message History

A red film seems to cover your vision as you go berserk!
You feel yourself moving faster!
You feel mighty! The ice devil closely misses you.
The spriggan rider hits you but does no damage.
You thump the spriggan rider!
You kill the spriggan!
Okawaru accepts your kill.
The hornet is heavily wounded.
Your base Fighting skill increases to level 8!
Your base Armour skill increases to level 8!
Your Invocations skill increases to level 7!
You closely miss the hornet.
The hornet is heavily wounded.
You feel like a meek peon again.
The hornet stings you but does no damage.
The ice devil hits you. The ice devil freezes you!
Unknown command.
You sock the hornet!
The hornet is almost dead.
The hornet stings you.
You barely miss the hornet.
The hornet is almost dead.
The hornet stings you. The ice devil barely misses you.
You completely miss the hornet.
The hornet is almost dead.
The hornet stings you.
You miss the hornet.
The hornet is almost dead.
The ice devil closely misses you.
You closely miss the hornet.
The hornet is almost dead.
The hornet stings you!
* * * LOW HITPOINT WARNING * * *
You closely miss the hornet.
The hornet is almost dead.
The hornet stings you but does no damage.
The ice devil hits you.
* * * LOW HITPOINT WARNING * * *
The ice devil freezes you!!
You die...

..# ..# ######## ..#
...##..# ..#
...##..# ..#
...''..# ..#
...''..##########4.#
...##...).......@y.#
...##...)..........#
####################


You could see an ice devil and a hornet.

Vanquished Creatures
  A two-headed ogre (D)
  An unseen horror (D)
  A spriggan (D)
  A tarantella (D)
  A warg (D)
  3 floating eyes (D)
  2 ice beasts (D)
  A phantom (D)
  A kobold brigand (D)
  A scorpion (D)
  A jelly (D)
  A hound (D)
  Jessica (D)
  2 gnolls (D)
  An adder (D)
  3 white imps (D)
  An orc (D)
  4 jackals (D)
  A ball python (D)
  2 bats (D)
  A jackal zombie (D)
31 creatures vanquished.

Notes
Turn   | Place    | Note
-------+----------+-------------------------------------------
     0 | D        | rocky1 the Gargoyle Fighter began the quest for the Orb.
     0 | D        | Reached XP level 1. HP: 14/14 MP: 1/1
    18 | D        | Found a bloodstained altar of Trog.
    18 | D        | Found a shimmering blue altar of Sif Muna.
    18 | D        | Found a viscous altar of Jiyva.
    18 | D        | Found a hazy altar of Hepliaklqana.
    18 | D        | Found an opulent altar of Gozag.
    22 | D        | Found a glowing golden altar of the Shining One.
    22 | D        | Found a glowing silver altar of Zin.
    22 | D        | Found a basalt altar of Yredelemnul.
    22 | D        | Found a shimmering altar of Xom.
    22 | D        | Found an ornate altar of the Wu Jian Council.
    22 | D        | Found a sacrificial altar of Ru.
    22 | D        | Found a stormy altar of Qazlal.
    22 | D        | Found an iron altar of Okawaru.
    22 | D        | Found a sparkling altar of Nemelex Xobeh.
    22 | D        | Found a burning altar of Makhleb.
    22 | D        | Found a blossoming altar of Fedhas.
    22 | D        | Found a white marble altar of Elyvilon.
    22 | D        | Found a shadowy altar of Dithmenos.
    22 | D        | Found a snail-covered altar of Cheibriados.
    25 | D        | Found a corrupted altar of Lugonu.
    25 | D        | Found a radiant altar of Vehumet.
    26 | D        | Found an ancient bone altar of Kikubaaqudgha.
    26 | D        | Found a hide-covered altar of Uskayaw.
    26 | D        | Found a broken altar of Ashenzari.
    30 | D        | Became a worshipper of Warmaster Okawaru
    44 | D        | Noticed a scorpion
    52 | D        | Killed a scorpion
    53 | D        | Reached skill level 6 in Maces & Flails
    53 | D        | Reached skill level 5 in Shields
    53 | D        | Reached XP level 2. HP: 9/19 MP: 2/2
    53 | D        | Reached XP level 3. HP: 11/23 MP: 3/3
    53 | D        | Reached XP level 4. HP: 14/28 MP: 4/4
   329 | D        | Reached skill level 7 in Maces & Flails
   334 | D        | Noticed a floating eye
   336 | D        | Paralysed by a floating eye for 3 turns
   342 | D        | Paralysed by a floating eye for 4 turns
   346 | D        | Killed a floating eye
   346 | D        | Reached * piety under Okawaru
   347 | D        | Reached skill level 10 in Maces & Flails
   347 | D        | Reached XP level 5. HP: 32/32 MP: 5/5
   603 | D        | Noticed an ice beast
   604 | D        | Noticed an ice beast
   619 | D        | Reached skill level 11 in Maces & Flails
   622 | D        | Reached XP level 6. HP: 27/37 MP: 6/6
   633 | D        | Killed an ice beast
   634 | D        | Reached skill level 12 in Maces & Flails
   645 | D        | Killed an ice beast
   645 | D        | Reached ** piety under Okawaru
   646 | D        | Reached skill level 13 in Maces & Flails
   737 | D        | Noticed Jessica
   741 | D        | Killed Jessica
   742 | D        | Reached skill level 14 in Maces & Flails
   742 | D        | Reached XP level 7. HP: 39/41 MP: 7/7
   887 | D        | Noticed a warg
   889 | D        | Paralysed by a floating eye for 3 turns
   897 | D        | Paralysed by a floating eye for 4 turns
   898 | D        | Reached skill level 1 in Dodging
   898 | D        | Reached skill level 1 in Invocations
   909 | D        | Killed a warg
   910 | D        | Reached skill level 5 in Fighting
   910 | D        | Reached skill level 5 in Armour
  1068 | D        | Killed an unseen horror
  1069 | D        | Reached XP level 8. HP: 15/51 MP: 9/11
  1379 | D        | Noticed a tarantella
  1379 | D        | Noticed a two-headed ogre
  1386 | D        | Killed a tarantella
  1386 | D        | Reached *** piety under Okawaru
  1387 | D        | Reached skill level 5 in Invocations
  1392 | D        | Killed a two-headed ogre
  1393 | D        | Reached XP level 9. HP: 23/57 MP: 10/13
  1498 | D        | Gained mutation: You are somewhat resistant to further
                  | mutation. [potion of mutation]
  1572 | D        | Reached skill level 5 in Dodging
  1587 | D        | Noticed an ice devil
  1587 | D        | Noticed a spriggan rider
  1606 | D        | Slain by an ice devil

Illustrated notes

Levels and vault maps discovered:
D:        pitsprint [storerooms_1, entrance_room_1, metal_vault_4, armoury_2,
          mini_pit_1, grid_room_1, main_hall_1, silver_pit, the_coven_3,
          the_vestibule_1, steel_vault_2, golden_pit, hallway_of_sentries,
          crystal_vault_6, iron_vault_2, final_vault]

Skill      XL: |  1  2  3  4  5  6  7  8  9 |
---------------+----------------------------+-----
Maces & Flails | 6 10 11 14 | 14.0
Shields        | 5 7 8 |  8.8
Dodging        | 3 4 5 |  5.3
Invocations    | 4 6 7 |  7.0
Fighting       | 5 7 8 |  8.0
Armour         | 5 7 8 |  8.0

Action                   |  1- 3 |  4- 6 |  7- 9 || total
-------------------------+-------+-------+-------++-------
Melee: Flail             |     8 |    63 |    34 ||   105
       Morningstar       |       |       |    20 ||    20
Invok: Heroism           |       |       |     2 ||     2
  Use: Potion            |     1 |       |     3 ||     4
Armor: Scale mail        |     3 |    17 |       ||    20
       Plate armour      |       |    19 |    26 ||    45
Dodge: Dodged            |     2 |    12 |    11 ||    25
Block: Buckler           |     3 |     5 |     9 ||    17

Table legend: (Time is in decaauts)
 A = Elapsed time spent in this place.
 B = Non-inter-level travel time spent in this place.
 C = Inter-level travel time spent in this place.
 D = Time resting spent in this place.
 E = Time spent auto-exploring this place.
 F = Levels seen in this place.
 G = Mean time per level.
                   A        B        C        D        E       F      G
               +--------+--------+--------+--------+--------+-----+--------+
         Total |   1580 |   1561 |     19 |   1057 |      0 |   1 | 1580.0 |
       Dungeon |   1580 |   1561 |     19 |   1057 |      0 |   1 | 1580.0 |
               +--------+--------+--------+--------+--------+-----+--------+

Top non-repeatable levels by time:
       D: 1580 daAuts
